 Dungeon Crawl Stone Soup version 0.30-a0-719-gcc4359ea44 (webtiles) character file.

Game seed: 626532280120895016

235 jlumianski the Chopper (level 5, -1/42 HPs)
             Began as a Demonspawn Fighter on Jan 26, 2023.
             Succumbed to a scorpion's poison
             ... on level 4 of the Dungeon.
             The game lasted 00:10:06 (2056 turns).

jlumianski the Chopper (Demonspawn Fighter)         Turns: 2056, Time: 00:10:07

Health: -1/42      AC: 11    Str: 18    XL:     5   Next: 76%
Magic:  5/5        EV:  7    Int:  9    God:
Gold:   93         SH:  4    Dex: 13    Spells: 4/4 levels left

rFire   . . .      SeeInvis +    a - +0 war axe
rCold   . . .      Faith    .    c - +0 buckler
rNeg    . . .      Spirit   .    h - +0 chain mail
rPois   .          Reflect  .    (helmet restricted)
rElec   .          Harm     .    (no cloak)
rCorr   .          Rampage  .    j - +0 pair of gloves
Will    .....                    (no boots) Stlth
                                 (no amulet)
HPRegen 0.27/turn                g - ring of see invisible
MPRegen 0.09/turn                (no ring)

@: lethally poisoned (-1 -> -17)
A: horns 1, demonic guardian 1, sharp scales 1
a: no special abilities


You were on level 4 of the Dungeon.
You visited 1 branch of the dungeon, and saw 4 of its levels.

You collected 93 gold pieces.

Inventory:

Hand Weapons
 a - a +0 war axe (weapon)
 f - a +1 dagger of venom
Missiles
 e - 30 stones
 i - 2 throwing nets
 m - 4 poisoned darts (quivered)
Armour
 b - a +0 scale mail
 c - a +0 buckler (worn)
 h - a +0 chain mail (worn)
 j - a +0 pair of gloves (worn)
 q - a +1 helmet
Jewellery
 g - a ring of see invisible (left hand)
 l - a ring of wizardry
Wands
 r - a wand of flame (18)
Scrolls
 k - a scroll of torment
 n - a scroll of teleportation
 o - 2 scrolls of immolation
 p - 2 scrolls of fear
Potions
 d - a potion of might
 s - a potion of flight {unknown}
 t - 2 potions of mutation {unknown}


   Skills:
 + Level 3.7 Fighting
 + Level 3.9 Axes
 + Level 0.5 Throwing
 + Level 3.6 Armour
 + Level 0.4 Dodging
 + Level 3.1 Shields


You had 4 spell levels left.
You didn't know any spells.
Your spell library contained the following spells:

 Spells                   Type           Power      Damage    Failure   Level
 Lesser Beckoning         Tloc           0%         N/A       100%        2
 Gell's Gravitas          Tloc           0%         N/A       100%        3
 Teleport Other           Tloc           0%         N/A       100%        3


Dungeon Overview and Level Annotations

Branches:
Dungeon (4/15)
 Temple: D:4-7

Altars:
Gozag
Trog

Shops:
D:2 [[=


Innate Abilities, Weirdness & Mutations

You have a pair of small horns on your head.
A weak demonic guardian rushes to your aid.
You are partially covered in razor-sharp scales. (AC +1, Slay +1)


Message History

You block the scorpion's attack.
You completely miss the scorpion. Your headbutt misses the scorpion.
The scorpion is lightly wounded.
The scorpion stings you but does no damage.
The scorpion closely misses you.
You barely miss the scorpion.
The scorpion is lightly wounded.
You block the scorpion's attack.
You closely miss the scorpion.
The scorpion is lightly wounded.
The scorpion barely misses you. The scorpion closely misses you.
You hit the scorpion.
The scorpion is moderately wounded.
The scorpion stings you.
You are poisoned.
The scorpion poisons you!
You hit the scorpion but do no damage. Your headbutt misses the scorpion.
The scorpion is moderately wounded.
You feel very sick.
The scorpion stings you but does no damage.
The scorpion stings you.
You are more poisoned.
The scorpion poisons you!
You hit the scorpion.
The scorpion is heavily wounded.
You feel extremely sick. The scorpion stings you. x2
You are lethally poisoned!
The scorpion poisons you!
You hit the scorpion.
You headbutt the scorpion, but do no damage.
The scorpion is severely wounded.
* * * LOW HITPOINT WARNING * * *
You feel extremely sick.
The scorpion stings you but does no damage.
You hit the scorpion.
You kill the scorpion!
* * * LOW HITPOINT WARNING * * *
You feel extremely sick.
You die...

..# #.. ### .. .. ###.#
.. .... .### . #.. ...
#####
..###..#.##########.....
.......@................
....?...#########.......
...###..## ####........
....##...####...........
#.....#..#....###.......
#.###........## #.......
#..#)......####......
#..#.........# ##>....
#^##.).......# ######


There were no monsters in sight!

Vanquished Creatures
  A scorpion (D:4)
  An orc priest (D:4)
  An orc wizard (D:3)
  3 gnolls
  A worm (D:2)
  3 orcs
  2 endoplasms (D:1)
  2 giant cockroaches
  6 goblins
  4 hobgoblins
  4 jackals (D:3)
  7 kobolds
  4 ball pythons
  4 bats
  6 frilled lizards
  12 rats (D:1)
61 creatures vanquished.

Vanquished Creatures (collateral kills)
  An orc wizard (D:3)
  An endoplasm (D:3)
  A frilled lizard (D:1)
3 creatures vanquished.

Vanquished Creatures (others)
  2 plants (D:2)
2 creatures vanquished.

Grand Total: 66 creatures vanquished

Notes
Turn   | Place    | Note
-------+----------+-------------------------------------------
     0 | D:1      | jlumianski the Demonspawn Fighter began the quest for the
                  | Orb.
     0 | D:1      | Reached XP level 1. HP: 18/18 MP: 1/1
    78 | D:2      | Found a bloodstained altar of Trog.
   282 | D:1      | Gained mutation: A weak demonic guardian rushes to your
                  | aid. [demonic ancestry]
   282 | D:1      | Reached XP level 2. HP: 24/24 MP: 2/2
   482 | D:2      | Found Acuoga's Antique Armour Shop.
   960 | D:1      | Gained mutation: You are partially covered in razor-sharp
                  | scales. (AC +1, Slay +1) [demonic ancestry]
   960 | D:1      | Reached XP level 3. HP: 26/29 MP: 3/3
  1419 | D:2      | Found Immes's Antique Armour Shoppe.
  1436 | D:2      | You fall into a shaft and drop 2 floors!
  1456 | D:3      | Found an opulent altar of Gozag.
  1472 | D:3      | Gained mutation: You have a pair of small horns on your
                  | head. [demonic ancestry]
  1472 | D:3      | Reached XP level 4. HP: 31/35 MP: 4/4
  1490 | D:3      | HP: 1/35 [poisoned by an orc wizard]
  1731 | D:2      | Found Gotopam's Jewellery Boutique.
  1982 | D:4      | Reached XP level 5. HP: 38/41 MP: 5/5
  2056 | D:4      | Succumbed to a scorpion's poison

Illustrated notes

Levels and vault maps discovered:
D:1:      ebering_hopf_link, layout_basic, minmay_rat_gold_closets
D:2:      layout_basic, serial_shops, shop, shop,
          nicolae_shop_overgrown_old_shop, basic_altar
D:3:      layout_loops_ring, grunt_gozag_statues, serial_shops, shop
D:4:      layout_rooms, minmay_manual_monstrance

Skill      XL: |  1  2  3  4 |
---------------+-------------+-----
Axes           | 2 3 |  3.9
Armour         | 3 |  3.6
Shields        | 3 |  3.1
Fighting       | |  3.7
Throwing       | |  0.5
Dodging        | |  0.4

Action                     |  1- 3 |  4- 6 || total
---------------------------+-------+-------++-------
  Melee: War axe           |   130 |    48 ||   178
         Headbutt          |       |     9 ||     9
  Throw: Dart              |       |     3 ||     3
    Use: Scroll            |     5 |     3 ||     8
         Potion            |       |     2 ||     2
 Armour: Scale mail        |     9 |       ||     9
         Chain mail        |    72 |    33 ||   105
  Dodge: Dodged            |    61 |    19 ||    80
  Block: Buckler           |    28 |    12 ||    40

Table legend: (Time is in decaauts)
 A = Elapsed time spent in this place.
 B = Non-inter-level travel time spent in this place.
 C = Inter-level travel time spent in this place.
 D = Time resting spent in this place.
 E = Time spent auto-exploring this place.
 F = Levels seen in this place.
 G = Mean time per level.
                   A        B        C        D        E       F      G
               +--------+--------+--------+--------+--------+-----+--------+
         Total |   2135 |   2049 |     86 |      0 |   1101 |   4 |  533.8 |
       Dungeon |   2135 |   2049 |     86 |      0 |   1101 |   4 |  533.8 |
               +--------+--------+--------+--------+--------+-----+--------+

Top non-repeatable levels by time:
     D:1: 1036 daAuts
     D:2: 750 daAuts
     D:3: 207 daAuts
     D:4: 140 daAuts
